Predators vs Sharks
Created - January 11, 2019 at 19:26
Goals
|
| Predators |
1 |
0 |
1 |
2 |
| Sharks |
1 |
3 |
2 |
6 |
|
Shots
|
| Predators |
2 |
10 |
11 |
23 |
| Sharks |
12 |
9 |
11 |
32 |
|
1st period
1. Predators , Byron Bitz 2 (Andy Miele 4, James Van Riemsdyk 5) at 15:25
2. Sharks , Milan Michalek 10 (Jason Spezza 18) at 16:48
Penalties :
Maxim Kondratiev (SJS) for Holding (Minor) at 4:23, Alexander Edler (Nas) for High sticking (Minor) at 11:56, Alexander Edler (Nas) for Tripping (Minor) at 16:51
2nd period
3. Sharks , Nick Palmieri 10 (Nate Prosser 6, T.J. Hensick 13) at 0:35
4. Sharks , Oskar Osala 10 (Kevin Shattenkirk 35, Maxim Afinogenov 12) at 2:47 (PP)
5. Sharks , Maxim Afinogenov 14 (Jason Spezza 19, Milan Michalek 12) at 8:29
Penalties :
Alexander Edler (Nas) for Boarding (Minor) at 1:22, Maxim Afinogenov (SJS) for Hooking (Minor) at 9:59, Rob Schremp (SJS) for Roughing (Minor) at 13:05, Brendan Gallagher (Nas) for Holding (Minor) at 15:56
3rd period
6. Predators , Ryan Kesler 17 (Brendan Gallagher 13) at 7:57
7. Sharks , Nate Prosser 1 (Milan Michalek 13) at 9:18 (PP)
8. Sharks , Jiri Tlusty 3 (Nikolai Kulemin 2) at 10:14
Penalties :
Maxim Afinogenov (SJS) for Hooking (Minor) at 2:00, Andy Miele (Nas) for Hooking (Minor) at 9:06, Niclas Bergfors (Nas) for Hooking (Minor) at 10:20
Goalie Stats
Viktor Fasth (Nas), 19 saves from 24 shots - (0.792), L, 18-12-2, 49:18 minutes
Chad Johnson (Nas), 7 saves from 8 shots - (0.875), 10:42 minutes
Tyler Weiman (SJS), 21 saves from 23 shots - (0.913), W, 14-11-4, 60:00 minutes
Players Stats for Predators
Player Name G A P +/- PIM S H SB GA TA FO MP PP MP PK MP
------------------------------------------------------------------------------------
Adam Burish 0 0 0 -1 0 0 0 0 0 0 0/0 8:23 0:00 2:03
Alexander Edler 0 0 0 -1 6 0 1 1 0 0 0/0 27:34 5:08 2:45
Alexander Ovechkin 0 0 0 0 0 1 2 0 1 0 1/3 20:48 4:11 1:52
Alexander Steen 0 0 0 -1 0 0 1 0 0 1 0/0 15:56 3:45 0:40
Andy Miele 0 1 1 0 2 2 0 0 0 0 11/19 15:27 0:00 5:29
Brendan Gallagher 0 1 1 -1 2 0 1 0 0 0 1/2 12:13 0:58 0:00
Byron Bitz 1 0 1 1 0 4 3 1 1 0 0/0 13:14 2:52 4:21
Dmitri Kalinin 0 0 0 -1 0 1 1 0 0 0 0/0 9:58 0:00 1:32
James Van Riemsdyk 0 1 1 0 0 3 1 0 1 0 0/0 11:09 0:14 0:00
John Moore 0 0 0 0 0 0 1 2 1 1 0/0 22:41 2:48 5:16
Justin Abdelkader 0 0 0 -1 0 0 0 0 1 0 0/0 7:59 0:00 1:56
Michal Rozsival 0 0 0 -1 0 1 0 0 0 0 0/0 12:23 0:00 2:40
Mikael Granlund 0 0 0 0 0 3 2 0 1 0 13/27 18:29 3:45 0:00
Niclas Bergfors 0 0 0 0 2 3 2 0 0 1 0/0 18:48 4:11 0:00
Ryan Kesler 1 0 1 -1 0 1 0 0 0 0 5/11 17:38 3:52 2:03
Ryan Mcdonagh 0 0 0 -1 0 3 3 4 0 0 0/0 32:07 5:08 6:39
Ryan Murray 0 0 0 0 0 0 0 3 0 1 0/0 15:30 2:48 0:14
Scott Laughton 0 0 0 -2 0 1 2 0 0 0 2/6 10:04 0:00 0:42
Players Stats for Sharks
Player Name G A P +/- PIM S H SB GA TA FO MP PP MP PK MP
------------------------------------------------------------------------------------
Adam Larsson 0 0 0 1 0 0 0 0 0 0 0/0 11:03 0:00 0:56
Andrej Sekera 0 0 0 1 0 2 3 2 1 1 0/0 29:24 6:13 4:21
Bobby Butler 0 0 0 0 0 0 0 0 0 0 0/0 8:00 0:00 2:01
Darren Helm 0 0 0 0 0 0 0 0 0 1 3/4 6:31 0:00 0:36
Jason Spezza 0 2 2 1 0 5 2 0 0 0 21/38 23:48 5:25 4:01
Jiri Tlusty 1 0 1 0 0 4 3 0 0 0 1/1 10:37 0:00 0:00
Jordan LaVallee 0 0 0 0 0 0 2 0 0 0 0/0 7:18 0:00 1:18
Kevin Shattenkirk 0 1 1 1 0 3 4 0 1 0 0/0 29:36 6:13 4:33
Mark Giordano 0 0 0 1 0 0 1 1 0 1 0/0 9:32 0:00 0:07
Maxim Afinogenov 1 1 2 1 4 4 0 0 0 1 0/1 20:10 5:25 1:18
Maxim Kondratiev 0 0 0 0 2 1 0 1 0 1 0/0 20:14 3:20 2:27
Milan Michalek 1 2 3 1 0 5 0 0 0 1 3/5 23:48 5:25 4:01
Nate Prosser 1 1 2 0 0 1 1 0 1 0 0/0 21:04 3:20 3:28
Nick Palmieri 1 0 1 1 0 2 1 0 0 0 1/1 15:40 4:08 0:00
Nikolai Kulemin 0 1 1 0 0 1 1 0 0 0 0/0 10:37 0:00 0:00
Oskar Osala 1 0 1 1 0 2 1 1 1 0 0/0 15:40 4:08 0:00
Rob Schremp 0 0 0 0 2 1 1 0 0 0 0/8 10:41 0:00 0:00
T.J. Hensick 0 1 1 1 0 1 1 0 0 0 6/10 18:17 4:08 2:37
3 Stars
1 - Milan Michalek (SJS)
2 - Nate Prosser (SJS)
3 - Jason Spezza (SJS)
Power Play
Predators - 0 on 4 Attempt(s) - 0.00%
Sharks - 2 on 6 Attempt(s) - 33.33%
Penalty Kill
Predators - 4 on 6 Attempt(s) - 66.67%
- Score 0 goal in Penalty Kill
Sharks - 4 on 4 Attempt(s) - 100.00%
- Score 0 goal in Penalty Kill
Team Stat
Predators - Hits : 20 - Faceoff Wins : 33 - Blocked Shots : 11 - Penalty Minutes : 12
Sharks - Hits : 21 - Faceoff Wins : 35 - Blocked Shots : 5 - Penalty Minutes : 8
Official
Referees : Unknown
Linesman : Unknown
Game Notes
Byron Bitz is injured at 0:49 of 3rd period (Separated Right Shoulder)
Chad Johnson enters game at 9:18 of 3rd period
Finance
Level 1 -- Attendance: 5050 (84.17%) -- Ticket Income $479,750
Level 2 -- Attendance: 3801 (76.02%) -- Ticket Income $247,065
Level 3 -- Attendance: 1254 (62.70%) -- Ticket Income $56,430
Level 4 -- Attendance: 4000 (100.00%) -- Ticket Income $100,000
Luxury Box -- Attendance: 732 (73.20%) -- Ticket Income $135,420
Game was played at the Hockey Place Center.
Total Attendance: 14837 (82.43%)
Total Ticket Income: $1,018,665
Other Income: $152,800
Total Income: $1,171,465
Predators
5 vs 5 Forward
Center Left Wing Right Wing Time % Phy DF OF
1 Mikael Granlund Alexander Ovechkin Niclas Bergfors 40 1 2 2
2 Ryan Kesler Alexander Steen Brendan Gallagher 30 2 1 2
3 Andy Miele James Van Riemsdyk Byron Bitz 20 1 2 2
4 Scott Laughton Justin Abdelkader Adam Burish 10 1 2 2
5 vs 5 Defense
Defense Defense Time % Phy DF OF
1 Ryan Mcdonagh Alexander Edler 40 1 2 2
2 John Moore Ryan Murray 30 1 2 2
3 Michal Rozsival Dmitri Kalinin 20 1 2 2
4 Ryan Mcdonagh Alexander Edler 10 1 2 2
PowerPlay Forward
Center Left Wing Right Wing Time % Phy DF OF
1 Ryan Kesler Alexander Ovechkin Niclas Bergfors 60 1 1 3
2 Mikael Granlund Alexander Steen Byron Bitz 40 1 1 3
PowerPlay Defense
Defense Defense Time % Phy DF OF
1 Ryan Mcdonagh Alexander Edler 60 1 1 3
2 Ryan Murray John Moore 40 1 2 2
Penalty Kill 4 Players Forward
Center Wing Time % Phy DF OF
1 Andy Miele Byron Bitz 60 1 2 2
2 Ryan Kesler Adam Burish 40 1 2 2
Penalty Kill 4 Players Defense
Defense Defense Time % Phy DF OF
1 Ryan Mcdonagh Alexander Edler 60 1 2 2
2 John Moore Michal Rozsival 40 1 2 2
Penalty Kill - 3 Players Forward
Forward Time % Phy DF OF
1 Byron Bitz 60 1 2 2
2 Adam Burish 40 1 2 2
Penalty Kill - 3 Players Defense
Defense Defense Time % Phy DF OF
1 Ryan Mcdonagh Alexander Edler 60 1 2 2
2 John Moore Michal Rozsival 40 1 2 2
4 vs 4 Forward
Center Wing Time % Phy DF OF
1 Ryan Kesler Niclas Bergfors 60 1 2 2
2 Mikael Granlund Alexander Ovechkin 40 1 2 2
4 vs 4 Defense
Defense Defense Time % Phy DF OF
1 Ryan Mcdonagh Alexander Edler 60 1 2 2
2 John Moore Michal Rozsival 40 1 2 2
Last Minutes Offensive
Center Left Wing Right Wing Defense Defense
Ryan Kesler Alexander Ovechkin Niclas Bergfors Ryan Mcdonagh Alexander Edler
Last Minutes Defensive
Center Left Wing Right Wing Defense Defense
Ryan Kesler Alexander Ovechkin Byron Bitz Ryan Mcdonagh Alexander Edler
Goaltenders
Starting : Viktor Fasth
Backup : Chad Johnson
Extra Forwards
Normal : Scott Laughton, James Van Riemsdyk, Justin Abdelkader - PP : Brendan Gallagher, James Van Riemsdyk - PK : Justin Abdelkader
Extra Defensemen
Normal : Michal Rozsival, Ryan Murray, John Moore - PP : Dmitri Kalinin - PK : John Moore, Dmitri Kalinin
Penalty Shots
Alexander Ovechkin, Niclas Bergfors, Ryan Kesler, Andy Miele, Justin Abdelkader
Scratches
Barret Jackman (Healthy), Antti Raanta (Healthy)
Sharks
5 vs 5 Forward
Center Left Wing Right Wing Time % Phy DF OF
1 Jason Spezza Milan Michalek Maxim Afinogenov 40 1 2 2
2 T.J. Hensick Oskar Osala Nick Palmieri 30 1 2 2
3 Rob Schremp Nikolai Kulemin Jiri Tlusty 20 1 2 2
4 Darren Helm Bobby Butler Jordan LaVallee 10 1 3 1
5 vs 5 Defense
Defense Defense Time % Phy DF OF
1 Kevin Shattenkirk Andrej Sekera 40 1 2 2
2 Nate Prosser Maxim Kondratiev 30 1 2 2
3 Mark Giordano Adam Larsson 20 1 2 2
4 Kevin Shattenkirk Andrej Sekera 10 1 2 2
PowerPlay Forward
Center Left Wing Right Wing Time % Phy DF OF
1 Jason Spezza Milan Michalek Maxim Afinogenov 60 1 1 3
2 T.J. Hensick Oskar Osala Nick Palmieri 40 1 1 3
PowerPlay Defense
Defense Defense Time % Phy DF OF
1 Kevin Shattenkirk Andrej Sekera 60 1 2 2
2 Nate Prosser Maxim Kondratiev 40 1 2 2
Penalty Kill 4 Players Forward
Center Wing Time % Phy DF OF
1 Jason Spezza Milan Michalek 60 1 4 0
2 Maxim Afinogenov T.J. Hensick 40 1 4 0
Penalty Kill 4 Players Defense
Defense Defense Time % Phy DF OF
1 Kevin Shattenkirk Andrej Sekera 60 1 4 0
2 Nate Prosser Maxim Kondratiev 40 1 4 0
Penalty Kill - 3 Players Forward
Forward Time % Phy DF OF
1 Jason Spezza 60 1 4 0
2 Milan Michalek 40 1 4 0
Penalty Kill - 3 Players Defense
Defense Defense Time % Phy DF OF
1 Kevin Shattenkirk Andrej Sekera 60 1 4 0
2 Nate Prosser Maxim Kondratiev 40 1 4 0
4 vs 4 Forward
Center Wing Time % Phy DF OF
1 Rob Schremp Milan Michalek 60 1 2 2
2 T.J. Hensick Maxim Afinogenov 40 1 2 2
4 vs 4 Defense
Defense Defense Time % Phy DF OF
1 Kevin Shattenkirk Andrej Sekera 60 1 2 2
2 Nate Prosser Maxim Kondratiev 40 1 2 2
Last Minutes Offensive
Center Left Wing Right Wing Defense Defense
Jason Spezza Milan Michalek Maxim Afinogenov Kevin Shattenkirk Nate Prosser
Last Minutes Defensive
Center Left Wing Right Wing Defense Defense
Jason Spezza Milan Michalek Maxim Afinogenov Kevin Shattenkirk Andrej Sekera
Goaltenders
Starting : Tyler Weiman
Backup : Brent Krahn
Extra Forwards
Normal : Jiri Tlusty, Nikolai Kulemin, Bobby Butler - PP : Jiri Tlusty, Nikolai Kulemin - PK : Bobby Butler
Extra Defensemen
Normal : Mark Giordano, Adam Larsson, Nate Prosser - PP : Mark Giordano - PK : Adam Larsson, Nate Prosser
Penalty Shots
Jason Spezza, Milan Michalek, Maxim Afinogenov, T.J. Hensick, Nick Palmieri
Scratches
Martin Erat (Healthy), Brendon Nash (Healthy)
% Time on Ice - Predators
Lines # - Real PCT - Wanted PCT - Time Play
Normal Forward
1 - 35% - 40% - 14:41
2 - 29% - 30% - 12:25
3 - 24% - 20% - 10:09
4 - 12% - 10% - 5:16
Normal Defense
1 - 44% - 40% - 18:42
2 - 32% - 30% - 13:45
3 - 20% - 20% - 8:26
4 - 4% - 10% - 1:38
PP Forward
1 - 53% - 60% - 4:11
2 - 47% - 40% - 3:45
PP Defense
1 - 65% - 60% - 5:08
2 - 35% - 40% - 2:48
PK Forward
1 - 79% - 60% - 7:30
2 - 21% - 40% - 2:03
PK Defense
1 - 72% - 60% - 6:53
2 - 28% - 40% - 2:40
PK3 Forward
1 - 0% - 60%
2 - 0% - 40%
PK3 Defense
1 - 0% - 60%
2 - 0% - 40%
44 Forward
1 - 0% - 60%
2 - 0% - 40%
44 Defense
1 - 0% - 60%
2 - 0% - 40%
Last Minute Offensive - 0:00
Last Minute Defensive - 0:00
Total
Forward - 60:00
Defense - 60:00
|
% Time on Ice - Sharks
Lines # - Real PCT - Wanted PCT - Time Play
Normal Forward
1 - 34% - 40% - 14:28
2 - 27% - 30% - 11:32
3 - 25% - 20% - 10:37
4 - 14% - 10% - 5:54
Normal Defense
1 - 43% - 40% - 18:09
2 - 34% - 30% - 14:33
3 - 21% - 20% - 9:08
4 - 2% - 10% - 0:41
PP Forward
1 - 57% - 60% - 5:25
2 - 43% - 40% - 4:08
PP Defense
1 - 65% - 60% - 6:13
2 - 35% - 40% - 3:20
PK Forward
1 - 67% - 60% - 5:19
2 - 33% - 40% - 2:37
PK Defense
1 - 55% - 60% - 4:21
2 - 45% - 40% - 3:35
PK3 Forward
1 - 0% - 60%
2 - 0% - 40%
PK3 Defense
1 - 0% - 60%
2 - 0% - 40%
44 Forward
1 - 0% - 60%
2 - 0% - 40%
44 Defense
1 - 0% - 60%
2 - 0% - 40%
Last Minute Offensive - 0:00
Last Minute Defensive - 0:00
Total
Forward - 60:00
Defense - 60:00
|
Play-by-Play
1st period
0:01 of 1st period - Jason Spezza wins face-off versus Mikael Granlund in neutral zone.
0:30 of 1st period - Off-side.
0:31 of 1st period - T.J. Hensick wins face-off versus Andy Miele in neutral zone.
0:36 of 1st period - Snap shot by T.J. Hensick.
0:36 of 1st period - Shot Blocked by Byron Bitz.
0:38 of 1st period - Slapshot by Maxim Kondratiev.
0:38 of 1st period - Shot Misses the Net.
0:40 of 1st period - Slapshot by Maxim Kondratiev.
0:40 of 1st period - Shot Blocked by Ryan Murray.
0:42 of 1st period - Slapshot by Nate Prosser.
0:42 of 1st period - Shot Misses the Net.
0:46 of 1st period - Wrist shot by Nick Palmieri.
0:46 of 1st period - Shot Blocked by Ryan Murray.
1:19 of 1st period - Wrist shot by Nick Palmieri.
1:19 of 1st period - Stopped by Viktor Fasth without a rebound.
1:20 of 1st period - Brendan Gallagher wins face-off versus Rob Schremp in Predators zone.
1:46 of 1st period - Milan Michalek is hit by Niclas Bergfors and loses puck.
2:27 of 1st period - Snap shot by Jiri Tlusty.
2:27 of 1st period - Shot Misses the Net.
2:29 of 1st period - Slapshot by Adam Larsson.
2:29 of 1st period - Shot Blocked by John Moore.
2:31 of 1st period - Slapshot by Adam Larsson.
2:31 of 1st period - Deflect By Jiri Tlusty.
2:31 of 1st period - Stopped by Viktor Fasth with a rebound.
2:33 of 1st period - Slapshot by Nikolai Kulemin.
2:33 of 1st period - Shot Misses the Net.
3:02 of 1st period - Off-side.
3:03 of 1st period - Jason Spezza wins face-off versus Andy Miele in neutral zone.
3:17 of 1st period - Wrist shot by Byron Bitz.
3:17 of 1st period - Stopped by Tyler Weiman without a rebound.
3:18 of 1st period - Darren Helm wins face-off versus Mikael Granlund in Sharks zone.
3:18 of 1st period - Darren Helm is hit by Mikael Granlund.
4:09 of 1st period - Slapshot by Milan Michalek.
4:09 of 1st period - Stopped by Viktor Fasth without a rebound.
4:10 of 1st period - Scott Laughton wins face-off versus Rob Schremp in Predators zone.
4:10 of 1st period - Scott Laughton is hit by Jiri Tlusty.
4:23 of 1st period - Minor Penalty to Maxim Kondratiev for Holding.
4:24 of 1st period - Ryan Kesler wins face-off versus Jason Spezza in Sharks zone.
6:23 of 1st period - Penalty to Maxim Kondratiev is over, Maxim Kondratiev is back on ice.
6:32 of 1st period - Slapshot by Milan Michalek.
6:32 of 1st period - Shot Misses the Net.
7:16 of 1st period - Snap shot by Milan Michalek.
7:16 of 1st period - Stopped by Viktor Fasth without a rebound.
7:17 of 1st period - T.J. Hensick wins face-off versus Scott Laughton in Predators zone.
7:32 of 1st period - Snap shot by T.J. Hensick.
7:32 of 1st period - Stopped by Viktor Fasth with a rebound.
7:44 of 1st period - Jiri Tlusty is hit by Alexander Ovechkin.
7:48 of 1st period - Niclas Bergfors is hit by Nikolai Kulemin and loses puck.
8:45 of 1st period - Scott Laughton is hit by Mark Giordano and loses puck.
9:34 of 1st period - Byron Bitz is hit by Oskar Osala and loses puck.
10:37 of 1st period - Jiri Tlusty is hit by Byron Bitz and loses puck.
10:48 of 1st period - Nikolai Kulemin is hit by Niclas Bergfors and loses puck.
11:14 of 1st period - Icing by Ryan Kesler.
11:15 of 1st period - Andy Miele wins face-off versus Darren Helm in Predators zone.
11:15 of 1st period - Andy Miele is hit by Andrej Sekera.
11:44 of 1st period - Kevin Shattenkirk is hit by Mikael Granlund and loses puck.
11:56 of 1st period - Minor Penalty to Alexander Edler for High sticking.
11:57 of 1st period - Andy Miele wins face-off versus Maxim Afinogenov in Predators zone.
13:56 of 1st period - Penalty to Alexander Edler is over, Alexander Edler is back on ice.
13:59 of 1st period - Icing by Alexander Edler.
14:00 of 1st period - Mikael Granlund wins face-off versus Rob Schremp in Predators zone.
14:23 of 1st period - John Moore is hit by Jordan LaVallee and loses puck.
15:06 of 1st period - Nikolai Kulemin is hit by Alexander Ovechkin and loses puck.
15:23 of 1st period - Snap shot by Byron Bitz.
15:23 of 1st period - Shot Misses the Net.
15:25 of 1st period - Wrist shot by Byron Bitz.
15:25 of 1st period - Goal by Byron Bitz - Predators : 1 - Sharks : 0.
15:26 of 1st period - Alexander Ovechkin wins face-off versus Jason Spezza in neutral zone.
16:42 of 1st period - Snap shot by Rob Schremp.
16:42 of 1st period - Stopped by Viktor Fasth without a rebound.
16:43 of 1st period - Jason Spezza wins face-off versus Scott Laughton in Predators zone.
16:46 of 1st period - Snap shot by Milan Michalek.
16:46 of 1st period - Stopped by Viktor Fasth with a rebound.
16:48 of 1st period - Snap shot by Milan Michalek.
16:48 of 1st period - Goal by Milan Michalek - Predators : 1 - Sharks : 1.
16:49 of 1st period - Mikael Granlund wins face-off versus Jason Spezza in neutral zone.
16:51 of 1st period - Minor Penalty to Alexander Edler for Tripping.
16:52 of 1st period - Milan Michalek wins face-off versus Andy Miele in Predators zone.
16:52 of 1st period - Wrist shot by Jason Spezza.
16:52 of 1st period - Shot Misses the Net.
16:56 of 1st period - Slapshot by Jason Spezza.
16:56 of 1st period - Stopped by Viktor Fasth with a rebound.
16:58 of 1st period - Slapshot by Andrej Sekera.
16:58 of 1st period - Stopped by Viktor Fasth without a rebound.
16:59 of 1st period - Andy Miele wins face-off versus Jason Spezza in Predators zone.
17:10 of 1st period - Slapshot by Kevin Shattenkirk.
17:10 of 1st period - Shot Misses the Net.
17:54 of 1st period - Slapshot by Maxim Afinogenov.
17:54 of 1st period - Stopped by Viktor Fasth without a rebound.
17:55 of 1st period - Jason Spezza wins face-off versus Ryan Kesler in Predators zone.
18:40 of 1st period - Icing by Kevin Shattenkirk.
18:41 of 1st period - Andy Miele wins face-off versus T.J. Hensick in Sharks zone.
18:51 of 1st period - Penalty to Alexander Edler is over, Alexander Edler is back on ice.
19:59 of 1st period - Wrist shot by Milan Michalek.
19:59 of 1st period - Stopped by Viktor Fasth without a rebound.
Goals for this period are 1 for Predators vs 1 for Sharks.
Shots for this period are 2 for Predators vs 12 for Sharks.
2nd period
0:01 of 2nd period - Jason Spezza wins face-off versus Mikael Granlund in neutral zone.
0:31 of 2nd period - Slapshot by T.J. Hensick.
0:31 of 2nd period - Shot Misses the Net.
0:33 of 2nd period - Snap shot by Nate Prosser.
0:33 of 2nd period - Shot Misses the Net.
0:35 of 2nd period - Snap shot by Nick Palmieri.
0:35 of 2nd period - Goal by Nick Palmieri - Predators : 1 - Sharks : 2.
0:36 of 2nd period - Mikael Granlund wins face-off versus Jason Spezza in neutral zone.
0:41 of 2nd period - Snap shot by Niclas Bergfors.
0:41 of 2nd period - Stopped by Tyler Weiman without a rebound.
0:42 of 2nd period - Jason Spezza wins face-off versus Mikael Granlund in Sharks zone.
0:57 of 2nd period - Snap shot by Jason Spezza.
0:57 of 2nd period - Stopped by Viktor Fasth without a rebound.
0:58 of 2nd period - Ryan Kesler wins face-off versus T.J. Hensick in Predators zone.
0:58 of 2nd period - Ryan Kesler is hit by T.J. Hensick.
1:06 of 2nd period - Wrist shot by Ryan Kesler.
1:06 of 2nd period - Shot Misses the Net.
1:09 of 2nd period - Icing by Andrej Sekera.
1:10 of 2nd period - T.J. Hensick wins face-off versus Mikael Granlund in Sharks zone.
1:22 of 2nd period - Minor Penalty to Alexander Edler for Boarding.
1:23 of 2nd period - Andy Miele wins face-off versus Jason Spezza in Predators zone.
1:35 of 2nd period - Wrist shot by Jason Spezza.
1:35 of 2nd period - Stopped by Viktor Fasth without a rebound.
1:36 of 2nd period - Andy Miele wins face-off versus Jason Spezza in Predators zone.
1:45 of 2nd period - Milan Michalek is hit by Byron Bitz and loses puck.
1:52 of 2nd period - Snap shot by Milan Michalek.
1:52 of 2nd period - Deflect By Maxim Afinogenov.
1:52 of 2nd period - Stopped by Viktor Fasth without a rebound.
1:53 of 2nd period - Nick Palmieri wins face-off versus Andy Miele in Predators zone.
2:07 of 2nd period - Off-side.
2:08 of 2nd period - Andy Miele wins face-off versus Jason Spezza in neutral zone.
2:17 of 2nd period - Slapshot by Ryan Mcdonagh.
2:17 of 2nd period - Stopped by Tyler Weiman without a rebound.
2:18 of 2nd period - Jason Spezza wins face-off versus Andy Miele in Sharks zone.
2:25 of 2nd period - Snap shot by Jason Spezza.
2:25 of 2nd period - Stopped by Viktor Fasth with a rebound.
2:45 of 2nd period - Wrist shot by Oskar Osala.
2:45 of 2nd period - Shot Blocked by Ryan Mcdonagh.
2:47 of 2nd period - Snap shot by Oskar Osala.
2:47 of 2nd period - Goal by Oskar Osala - Predators : 1 - Sharks : 3.
2:48 of 2nd period - Mikael Granlund wins face-off versus Jason Spezza in neutral zone.
2:48 of 2nd period - Mikael Granlund is hit by Kevin Shattenkirk.
3:35 of 2nd period - Wrist shot by Byron Bitz.
3:35 of 2nd period - Stopped by Tyler Weiman without a rebound.
3:36 of 2nd period - Andy Miele wins face-off versus Rob Schremp in Sharks zone.
3:37 of 2nd period - Snap shot by Byron Bitz.
3:37 of 2nd period - Stopped by Tyler Weiman with a rebound.
3:47 of 2nd period - Snap shot by Andy Miele.
3:47 of 2nd period - Stopped by Tyler Weiman with a rebound.
4:51 of 2nd period - John Moore is hit by Kevin Shattenkirk and loses puck.
5:26 of 2nd period - Alexander Edler is hit by Nick Palmieri and loses puck.
5:35 of 2nd period - Slapshot by Oskar Osala.
5:35 of 2nd period - Stopped by Viktor Fasth with a rebound.
5:51 of 2nd period - Kevin Shattenkirk is hit by Ryan Mcdonagh and loses puck.
6:04 of 2nd period - Justin Abdelkader is hit by Jordan LaVallee and loses puck.
6:46 of 2nd period - Dmitri Kalinin is hit by Kevin Shattenkirk and loses puck.
7:05 of 2nd period - Alexander Edler is hit by Jason Spezza.
7:37 of 2nd period - Rob Schremp is hit by Byron Bitz.
8:20 of 2nd period - Wrist shot by Mikael Granlund.
8:20 of 2nd period - Stopped by Tyler Weiman without a rebound.
8:21 of 2nd period - Jason Spezza wins face-off versus Ryan Kesler in Sharks zone.
8:21 of 2nd period - Jason Spezza is hit by Brendan Gallagher.
8:29 of 2nd period - Wrist shot by Maxim Afinogenov.
8:29 of 2nd period - Goal by Maxim Afinogenov - Predators : 1 - Sharks : 4.
8:30 of 2nd period - Jason Spezza wins face-off versus Mikael Granlund in neutral zone.
8:43 of 2nd period - Wrist shot by Jason Spezza.
8:43 of 2nd period - Shot Hit the Post.
8:57 of 2nd period - Brendan Gallagher is hit by Jiri Tlusty and loses puck.
9:10 of 2nd period - Maxim Kondratiev is hit by Alexander Steen and loses puck.
9:29 of 2nd period - Maxim Kondratiev is hit by John Moore and loses puck.
9:48 of 2nd period - Wrist shot by Jason Spezza.
9:48 of 2nd period - Shot Blocked by John Moore.
9:59 of 2nd period - Minor Penalty to Maxim Afinogenov for Hooking.
10:00 of 2nd period - Jason Spezza wins face-off versus Ryan Kesler in Sharks zone.
10:11 of 2nd period - Slapshot by Ryan Mcdonagh.
10:11 of 2nd period - Shot Misses the Net.
11:09 of 2nd period - Icing by Niclas Bergfors.
11:10 of 2nd period - Darren Helm wins face-off versus Brendan Gallagher in Predators zone.
11:13 of 2nd period - Snap shot by T.J. Hensick.
11:13 of 2nd period - Shot Misses the Net.
11:33 of 2nd period - Icing by Byron Bitz.
11:34 of 2nd period - Jason Spezza wins face-off versus Mikael Granlund in Predators zone.
11:59 of 2nd period - Penalty to Maxim Afinogenov is over, Maxim Afinogenov is back on ice.
12:25 of 2nd period - Snap shot by James Van Riemsdyk.
12:25 of 2nd period - Shot Misses the Net.
12:43 of 2nd period - Wrist shot by Nick Palmieri.
12:43 of 2nd period - Shot Misses the Net.
13:05 of 2nd period - Minor Penalty to Rob Schremp for Roughing.
13:06 of 2nd period - Jason Spezza wins face-off versus Alexander Ovechkin in Sharks zone.
15:05 of 2nd period - Penalty to Rob Schremp is over, Rob Schremp is back on ice.
15:56 of 2nd period - Minor Penalty to Brendan Gallagher for Holding.
15:57 of 2nd period - Jason Spezza wins face-off versus Andy Miele in Predators zone.
16:30 of 2nd period - Snap shot by Nick Palmieri.
16:30 of 2nd period - Shot Misses the Net.
16:32 of 2nd period - Slapshot by Maxim Kondratiev.
16:32 of 2nd period - Stopped by Viktor Fasth with a rebound.
17:56 of 2nd period - Penalty to Brendan Gallagher is over, Brendan Gallagher is back on ice.
18:22 of 2nd period - Nate Prosser is hit by Dmitri Kalinin and loses puck.
18:27 of 2nd period - Snap shot by Mikael Granlund.
18:27 of 2nd period - Stopped by Tyler Weiman without a rebound.
18:28 of 2nd period - Darren Helm wins face-off versus Ryan Kesler in Sharks zone.
19:15 of 2nd period - Scott Laughton is hit by Jiri Tlusty and loses puck.
19:20 of 2nd period - Slapshot by Kevin Shattenkirk.
19:20 of 2nd period - Deflect By Nikolai Kulemin.
19:20 of 2nd period - Shot Blocked by Alexander Edler.
19:20 of 2nd period - Puck is out of play.
19:21 of 2nd period - Mikael Granlund wins face-off versus Rob Schremp in Predators zone.
19:21 of 2nd period - Mikael Granlund is hit by Kevin Shattenkirk.
19:33 of 2nd period - Wrist shot by Niclas Bergfors.
19:33 of 2nd period - Stopped by Tyler Weiman with a rebound.
19:35 of 2nd period - Backhand shot by Ryan Mcdonagh.
19:35 of 2nd period - Stopped by Tyler Weiman with a rebound.
19:37 of 2nd period - Wrist shot by Mikael Granlund.
19:37 of 2nd period - Stopped by Tyler Weiman without a rebound.
19:38 of 2nd period - Milan Michalek wins face-off versus Ryan Kesler in Sharks zone.
Goals for this period are 0 for Predators vs 3 for Sharks.
Shots for this period are 10 for Predators vs 9 for Sharks.
3rd period
0:01 of 3rd period - Jason Spezza wins face-off versus Mikael Granlund in neutral zone.
0:48 of 3rd period - Byron Bitz is hit by Rob Schremp and loses puck.
0:49 of 3rd period - Byron Bitz from Predators is injured at 0:49 of 3rd period (Separated Right Shoulder).
0:50 of 3rd period - Mikael Granlund wins face-off versus Milan Michalek in Predators zone.
0:50 of 3rd period - Alexander Edler is hit by Andrej Sekera and loses puck.
1:37 of 3rd period - Snap shot by James Van Riemsdyk.
1:37 of 3rd period - Stopped by Tyler Weiman with a rebound.
1:39 of 3rd period - Slapshot by Ryan Mcdonagh.
1:39 of 3rd period - Shot Misses the Net.
1:41 of 3rd period - Slapshot by James Van Riemsdyk.
1:41 of 3rd period - Stopped by Tyler Weiman without a rebound.
1:42 of 3rd period - Jason Spezza wins face-off versus Mikael Granlund in Sharks zone.
2:00 of 3rd period - Minor Penalty to Maxim Afinogenov for Hooking.
2:01 of 3rd period - Ryan Kesler wins face-off versus Jason Spezza in Sharks zone.
2:14 of 3rd period - Off-side.
2:15 of 3rd period - Milan Michalek wins face-off versus Ryan Kesler in neutral zone.
2:26 of 3rd period - Andrej Sekera is hit by Alexander Edler and loses puck.
4:00 of 3rd period - Penalty to Maxim Afinogenov is over, Maxim Afinogenov is back on ice.
4:14 of 3rd period - Wrist shot by James Van Riemsdyk.
4:14 of 3rd period - Deflect By Andy Miele.
4:14 of 3rd period - Shot Misses the Net.
4:14 of 3rd period - Puck is out of play.
4:15 of 3rd period - T.J. Hensick wins face-off versus Andy Miele in Sharks zone.
4:15 of 3rd period - T.J. Hensick is hit by James Van Riemsdyk.
4:26 of 3rd period - Icing by Dmitri Kalinin.
4:27 of 3rd period - Andy Miele wins face-off versus Jason Spezza in Predators zone.
4:34 of 3rd period - Kevin Shattenkirk is hit by Scott Laughton and loses puck.
4:47 of 3rd period - Wrist shot by Andy Miele.
4:47 of 3rd period - Shot Misses the Net.
4:49 of 3rd period - Wrist shot by James Van Riemsdyk.
4:49 of 3rd period - Shot Misses the Net.
4:51 of 3rd period - Snap shot by James Van Riemsdyk.
4:51 of 3rd period - Shot Misses the Net.
4:53 of 3rd period - Slapshot by Michal Rozsival.
4:53 of 3rd period - Deflect By Scott Laughton.
4:53 of 3rd period - Stopped by Tyler Weiman with a rebound.
4:55 of 3rd period - Slapshot by Michal Rozsival.
4:55 of 3rd period - Stopped by Tyler Weiman with a rebound.
4:57 of 3rd period - Slapshot by Dmitri Kalinin.
4:57 of 3rd period - Stopped by Tyler Weiman with a rebound.
4:59 of 3rd period - Wrist shot by Andy Miele.
4:59 of 3rd period - Deflect By James Van Riemsdyk.
4:59 of 3rd period - Stopped by Tyler Weiman without a rebound.
5:00 of 3rd period - T.J. Hensick wins face-off versus Mikael Granlund in Sharks zone.
5:13 of 3rd period - Wrist shot by T.J. Hensick.
5:13 of 3rd period - Deflect By Alexander Ovechkin.
5:13 of 3rd period - Shot Misses the Net.
5:13 of 3rd period - Puck is out of play.
5:14 of 3rd period - Mikael Granlund wins face-off versus Milan Michalek in Predators zone.
5:21 of 3rd period - Jason Spezza is hit by Ryan Mcdonagh and loses puck.
5:30 of 3rd period - Wrist shot by Alexander Ovechkin.
5:30 of 3rd period - Shot Misses the Net.
5:43 of 3rd period - Icing by Ryan Mcdonagh.
5:44 of 3rd period - Ryan Kesler wins face-off versus T.J. Hensick in Predators zone.
5:51 of 3rd period - Maxim Kondratiev is hit by Ryan Mcdonagh and loses puck.
6:00 of 3rd period - Backhand shot by Ryan Kesler.
6:00 of 3rd period - Shot Blocked by Maxim Kondratiev.
6:38 of 3rd period - Off-side.
6:39 of 3rd period - Jiri Tlusty wins face-off versus Scott Laughton in neutral zone.
6:44 of 3rd period - Slapshot by Nikolai Kulemin.
6:44 of 3rd period - Stopped by Viktor Fasth without a rebound.
6:45 of 3rd period - Mikael Granlund wins face-off versus Jason Spezza in Predators zone.
7:17 of 3rd period - Snap shot by T.J. Hensick.
7:17 of 3rd period - Shot Blocked by Ryan Mcdonagh.
7:19 of 3rd period - Slapshot by Kevin Shattenkirk.
7:19 of 3rd period - Stopped by Viktor Fasth with a rebound.
7:26 of 3rd period - Icing by Alexander Edler.
7:27 of 3rd period - Andy Miele wins face-off versus Rob Schremp in Predators zone.
7:57 of 3rd period - Snap shot by Ryan Kesler.
7:57 of 3rd period - Goal by Ryan Kesler - Predators : 2 - Sharks : 4.
7:58 of 3rd period - Mikael Granlund wins face-off versus Jason Spezza in neutral zone.
8:01 of 3rd period - Snap shot by Alexander Ovechkin.
8:01 of 3rd period - Stopped by Tyler Weiman without a rebound.
8:02 of 3rd period - Mikael Granlund wins face-off versus Jason Spezza in Sharks zone.
8:37 of 3rd period - Snap shot by Brendan Gallagher.
8:37 of 3rd period - Shot Blocked by Andrej Sekera.
8:44 of 3rd period - Icing by Andrej Sekera.
8:45 of 3rd period - Andy Miele wins face-off versus Rob Schremp in Sharks zone.
9:06 of 3rd period - Minor Penalty to Andy Miele for Hooking.
9:07 of 3rd period - Jason Spezza wins face-off versus Alexander Ovechkin in Predators zone.
9:18 of 3rd period - Slapshot by Nate Prosser.
9:18 of 3rd period - Goal by Nate Prosser - Predators : 2 - Sharks : 5.
9:18 of 3rd period - Chad Johnson enters game.
9:19 of 3rd period - Mikael Granlund wins face-off versus Jason Spezza in neutral zone.
9:26 of 3rd period - Wrist shot by Niclas Bergfors.
9:26 of 3rd period - Stopped by Tyler Weiman with a rebound.
9:39 of 3rd period - Mikael Granlund is hit by Jason Spezza and loses puck.
9:52 of 3rd period - Snap shot by Ryan Mcdonagh.
9:52 of 3rd period - Shot Blocked by Oskar Osala.
10:10 of 3rd period - Slapshot by Nikolai Kulemin.
10:10 of 3rd period - Shot Misses the Net.
10:12 of 3rd period - Wrist shot by Jiri Tlusty.
10:12 of 3rd period - Stopped by Chad Johnson with a rebound.
10:14 of 3rd period - Snap shot by Jiri Tlusty.
10:14 of 3rd period - Goal by Jiri Tlusty - Predators : 2 - Sharks : 6.
10:15 of 3rd period - Mikael Granlund wins face-off versus Jason Spezza in neutral zone.
10:20 of 3rd period - Minor Penalty to Niclas Bergfors for Hooking.
10:21 of 3rd period - Jason Spezza wins face-off versus Andy Miele in Predators zone.
10:47 of 3rd period - Alexander Edler is hit by Andrej Sekera and loses puck.
12:20 of 3rd period - Penalty to Niclas Bergfors is over, Niclas Bergfors is back on ice.
12:43 of 3rd period - Snap shot by Jordan LaVallee.
12:43 of 3rd period - Shot Blocked by Ryan Murray.
13:37 of 3rd period - Wrist shot by James Van Riemsdyk.
13:37 of 3rd period - Shot Misses the Net.
15:48 of 3rd period - Icing by Bobby Butler.
15:49 of 3rd period - Scott Laughton wins face-off versus Jason Spezza in Sharks zone.
15:50 of 3rd period - Wrist shot by Justin Abdelkader.
15:50 of 3rd period - Deflect By Scott Laughton.
15:50 of 3rd period - Shot Blocked by Mark Giordano.
15:50 of 3rd period - Puck is out of play.
15:51 of 3rd period - Jason Spezza wins face-off versus Scott Laughton in Sharks zone.
16:43 of 3rd period - Snap shot by Ryan Kesler.
16:43 of 3rd period - Shot Blocked by Andrej Sekera.
16:49 of 3rd period - Slapshot by Andrej Sekera.
16:49 of 3rd period - Stopped by Chad Johnson without a rebound.
16:50 of 3rd period - Jason Spezza wins face-off versus Mikael Granlund in Predators zone.
17:03 of 3rd period - Wrist shot by Jason Spezza.
17:03 of 3rd period - Shot Blocked by Ryan Mcdonagh.
17:15 of 3rd period - Alexander Edler is hit by Nate Prosser and loses puck.
17:46 of 3rd period - Snap shot by Andy Miele.
17:46 of 3rd period - Stopped by Tyler Weiman without a rebound.
17:47 of 3rd period - Mikael Granlund wins face-off versus Rob Schremp in Sharks zone.
17:57 of 3rd period - Slapshot by Nikolai Kulemin.
17:57 of 3rd period - Deflect By Jiri Tlusty.
17:57 of 3rd period - Stopped by Chad Johnson without a rebound.
17:58 of 3rd period - Jason Spezza wins face-off versus Mikael Granlund in Predators zone.
18:04 of 3rd period - Icing by Ryan Mcdonagh.
18:05 of 3rd period - Jason Spezza wins face-off versus Mikael Granlund in Predators zone.
18:06 of 3rd period - Slapshot by Kevin Shattenkirk.
18:06 of 3rd period - Stopped by Chad Johnson with a rebound.
18:12 of 3rd period - Slapshot by Kevin Shattenkirk.
18:12 of 3rd period - Shot Misses the Net.
18:28 of 3rd period - Wrist shot by Maxim Afinogenov.
18:28 of 3rd period - Stopped by Chad Johnson with a rebound.
18:30 of 3rd period - Snap shot by Milan Michalek.
18:30 of 3rd period - Deflect By Jason Spezza.
18:30 of 3rd period - Stopped by Chad Johnson with a rebound.
18:32 of 3rd period - Slapshot by Kevin Shattenkirk.
18:32 of 3rd period - Stopped by Chad Johnson without a rebound.
18:33 of 3rd period - Ryan Kesler wins face-off versus T.J. Hensick in Predators zone.
18:59 of 3rd period - Nate Prosser is hit by Scott Laughton and loses puck.
19:37 of 3rd period - Slapshot by Darren Helm.
19:37 of 3rd period - Shot Blocked by Ryan Mcdonagh.
19:53 of 3rd period - Slapshot by Ryan Mcdonagh.
19:53 of 3rd period - Stopped by Tyler Weiman without a rebound.
19:54 of 3rd period - T.J. Hensick wins face-off versus Mikael Granlund in Sharks zone.
Goals for this period are 1 for Predators vs 2 for Sharks.
Shots for this period are 11 for Predators vs 11 for Sharks.
Back to the Top